Map: Thunderbird LE

Players

Knerkinator

  • Race: Zerg Zerg
  • League: Diamond
  • Spawn Location: 11:00

Woah - Winner!

  • Race: Terran Terran
  • League: Diamond
  • Spawn Location: 5:00

VOD

Have the link to the VOD?

Description

Time

  • Played on: June 14, 2019, 8:34 p.m.
  • Length: 13:04
Show
View Real Time Build Order
Export as new Build Order

Knerkinator Zerg 

Build Orders: Hatch First 

Get SALT Encoding   

  12  0:01  Drone  
  13  0:12  Overlord  
  13  0:16  Drone  
  14  0:31  Drone x2  
  14  0:34  Drone  
  17  0:53  Hatchery  
  17  0:55  Drone  
  17  0:58  Drone  
  17  1:01  Extractor  
  17  1:07  Drone  
  18  1:17  Spawning Pool  
  17  1:20  Drone  
  18  1:28  Drone  
  19  1:46  Hatchery  
  18  2:04  Queen x2  
  18  2:08  Drone  
  23  2:10  Zergling x2  
  23  2:15  Drone  
  25  2:20  Metabolic Boost  
  25  2:25  Drone  
  26  2:35  Drone  
  26  2:36  Extractor, Drone  
  27  2:41  Zergling x2  
  27  2:57  Zergling x2  
  27  2:58  Overlord, Drone  
  29  3:01  Zergling x4  
  29  3:05  Lair  
  31  3:08  Drone  
  32  3:16  Queen  
  31  3:28  Zergling x8  
  35  3:35  Zergling x4  
  35  3:36  Zergling x2  
  35  3:56  Zergling x12  
  35  3:57  Zergling x2  
  41  4:15  Overlord  
  41  4:17  Overlord  
  41  4:29  Spire  
  40  4:31  Drone  
  40  4:33  Queen  
  40  4:38  Overlord  
  43  4:55  Drone x4  
  43  4:56  Drone  
  43  4:57  Drone  
  43  4:58  Drone  
  50  5:04  Drone x2  
  52  5:07  Drone  
  52  5:10  Drone  
  54  5:16  Drone  
  55  5:26  Drone x3  
  55  5:27  Overlord  
  58  5:30  Drone x2  
  58  5:33  Extractor  
  58  5:35  Extractor, Drone  
  60  5:38  Extractor  
  58  5:43  Evolution Chamber  
  58  5:44  Evolution Chamber, Drone  
  58  5:45  Drone  
  58  5:46  Evolution Chamber  
  58  5:47  Drone  
  58  5:52  Drone, Baneling Nest  
  58  6:01  Drone x4  
  58  6:03  Drone x2  
  64  6:05  Drone  
  64  6:06  Drone  
  60  6:26  Zergling x2  
  60  6:27  Zergling x6  
  60  6:30  Drone x2  
  60  6:31  Drone  
  60  6:32  Drone x2  
  69  6:33  Drone  
  69  6:39  Drone  
  71  6:40  Zerg Melee Weapons Level 1  
  71  6:41  Extractor, Zerg Missile Weapons Level 1  
  71  6:42  Zerg Flyer Armor Level 1, Zerg Ground Armor Level 1  
  71  6:45  Drone x3  
  73  6:47  Overlord  
  73  6:59  Baneling x2  
  73  7:00  Baneling x8  
  73  7:01  Baneling x5  
  73  7:04  Overlord x2  
  73  7:06  Drone  
  73  7:07  Drone  
  75  7:08  Drone  
  75  7:09  Drone  
  75  7:11  Zergling x2  
  75  7:12  Zergling x2  
  75  7:14  Zergling x4  
  78  7:28  Drone  
  78  7:32  Zergling x2  
  78  7:33  Zergling x12  
  78  7:36  Drone  
  78  7:37  Drone x2  
  88  7:38  Drone  
  88  7:39  Drone x2  
  91  7:49  Queen  
  91  7:50  Queen  
  95  7:51  Drone  
  95  7:57  Hatchery  
  85  8:16  Zergling x8  
  85  8:17  Zergling x4  
  87  8:24  Zergling x14  
  87  8:25  Zergling x12  
  97  8:30  Overlord  
  97  8:36  Zerg Flyer Weapons Level 1  
  97  8:43  Overlord x2  
  97  8:44  Overlord, Zerg Melee Weapons Level 2  
  97  8:45  Zerg Missile Weapons Level 2  
  97  8:46  Zerg Ground Armor Level 2  
  97  8:48  Queen x2  
  101  8:52  Infestation Pit  
  100  8:58  Spore Crawler  
  100  8:59  Baneling x2  
  100  9:00  Baneling x8  
  100  9:01  Baneling x8  
  100  9:02  Baneling x2  
  95  9:10  Drone  
  95  9:15  Drone x5  
  101  9:19  Drone x4  
  101  9:20  Drone x2  
  101  9:22  Zergling x8  
  111  9:26  Centrifical Hooks  
  111  9:30  Hive  
  111  9:37  Drone  
  111  9:38  Drone  
  113  9:42  Extractor, Drone  
  113  9:44  Extractor  
  112  10:10  Drone x3  
  115  10:16  Drone  
  96  10:30  Zerg Flyer Armor Level 2  
  96  10:31  Zergling x6  
  96  10:32  Mutalisk, Zergling x16  
  96  10:33  Mutalisk x7, Zergling x4  
  96  10:34  Mutalisk x4  
  130  10:43  Drone x3  
  130  10:45  Overlord x2  
  130  10:47  Zergling x10  
  130  10:49  Zergling x2  
  126  11:02  Zergling x8  
  126  11:03  Zergling x10  
  94  11:19  Zergling x10  
  94  11:20  Zergling x2  
  97  11:31  Baneling  
  97  11:32  Baneling x7  
  81  11:40  Baneling  
  81  11:41  Baneling x7  
  81  11:42  Baneling x2  
  81  11:43  Drone x5  
  81  11:45  Extractor  
  77  11:52  Zergling x12  
  77  11:53  Hatchery  
  63  12:06  Zergling x10  
  51  12:28  Baneling Nest  
  35  12:38  Zergling x2  
  35  12:39  Zergling x4  
  35  12:40  Drone  
  35  12:41  Drone x2  
Show
View Real Time Build Order
Export as new Build Order

Woah Terran - Winner!

Build Orders:  

Get SALT Encoding   

  12  0:01  SCV  
  13  0:13  SCV  
  14  0:17  Supply Depot  
  14  0:27  SCV  
  15  0:39  SCV, Barracks  
  16  0:51  SCV, Refinery  
  17  1:02  Barracks  
  17  1:05  SCV  
  18  1:17  SCV  
  19  1:29  Orbital Command  
  19  1:34  Reaper  
  19  1:36  Supply Depot  
  20  1:43  Refinery  
  20  1:52  Reaper  
  21  1:58  Barracks  
  21  2:02  SCV  
  22  2:09  Reaper  
  22  2:14  SCV  
  24  2:23  Supply Depot  
  24  2:26  SCV  
  25  2:35  Reaper  
  26  2:39  SCV  
  27  2:56  Reaper x2  
  27  2:57  SCV  
  30  3:09  SCV  
  31  3:16  Reaper  
  31  3:18  Command Center  
  32  3:28  Reaper x2  
  34  3:43  Engineering Bay  
  34  3:59  SCV  
  32  4:16  Barracks Reactor, Barracks Tech Lab  
  31  4:17  Bunker  
  30  4:24  Factory  
  30  4:25  Command Center  
  30  4:27  Terran Infantry Weapons Level 1  
  30  4:35  Stimpack  
  29  4:57  SCV  
  29  4:59  Marine x2  
  32  5:04  Orbital Command  
  32  5:09  SCV  
  33  5:19  Factory Tech Lab  
  33  5:23  Starport  
  33  5:26  Orbital Command  
  33  5:31  Supply Depot  
  33  5:37  SCV  
  33  5:38  Supply Depot  
  33  5:39  Marine  
  33  5:40  Marine  
  36  5:46  Orbital Command  
  36  5:49  SCV  
  37  5:50  Missile Turret  
  37  5:53  SCV  
  38  6:00  Missile Turret  
  38  6:04  Engineering Bay  
  38  6:05  SCV  
  38  6:07  Barracks Reactor  
  39  6:19  Marine x3  
  39  6:21  Medivac  
  39  6:24  Armory  
  44  6:27  Terran Infantry Armor Level 1  
  44  6:29  Widow Mine  
  44  6:32  Missile Turret  
  46  6:37  Marine  
  47  6:40  Combat Shield  
  47  6:42  Marine x2  
  49  6:51  Marine x2  
  51  6:55  SCV, Marine  
  51  6:56  SCV x2  
  55  7:03  Barracks  
  55  7:07  SCV  
  55  7:08  SCV x2  
  58  7:09  Refinery  
  58  7:10  Missile Turret  
  58  7:11  Marine  
  58  7:12  Marine  
  59  7:27  Marine x3  
  59  7:28  SCV  
  60  7:30  Orbital Command  
  60  7:34  Refinery  
  60  7:43  Starport Reactor  
  60  7:45  Marine x5  
  60  7:49  SCV  
  60  7:50  SCV  
  67  7:53  Missile Turret  
  67  7:55  SCV  
  68  8:01  SCV, Barracks  
  65  8:20  Supply Depot  
  65  8:25  SCV x3  
  65  8:26  Marine  
  65  8:27  Marauder, Marine x2  
  71  8:34  Thor  
  79  8:37  SCV  
  79  8:38  Terran Infantry Armor Level 2  
  80  8:42  Engineering Bay  
  80  8:48  Marauder, Barracks Reactor x2  
  82  8:50  Marine  
  82  8:51  Marine x3  
  82  8:52  Medivac x2  
  90  9:01  SCV x3, Missile Turret  
  93  9:03  Missile Turret  
  93  9:17  Ghost Academy, Barracks Tech Lab  
  93  9:32  Supply Depot  
  93  9:34  Supply Depot x2  
  93  9:35  Supply Depot  
  93  9:53  Marine x5  
  93  9:54  SCV x3  
  93  9:55  Marauder, Siege Tank, Marine  
  93  9:56  Marauder  
  109  10:00  Medivac x2  
  109  10:03  Barracks  
  109  10:05  Refinery x2  
  109  10:06  Barracks  
  113  10:11  Marine x3  
  113  10:12  Marine x2  
  113  10:13  Marine  
  119  10:17  Marauder x2  
  103  10:29  Marine  
  103  10:30  Medivac  
  103  10:35  Marine x5  
  108  10:38  Marauder x2  
  114  10:45  Siege Tank  
  114  10:47  Marine  
  118  10:52  Marine x2  
  118  10:53  Marine x3  
  123  11:00  Marauder x2  
  123  11:05  Marine  
  123  11:10  Marine  
  125  11:11  Marine  
  125  11:13  Marine  
  125  11:14  Marine  
  125  11:15  Marine  
  124  11:22  Marine  
  125  11:28  Marine  
  125  11:46  Marine x5  
  125  11:47  Marauder, Marine  
  125  11:48  Marauder  
  119  12:04  Marine x5  
  119  12:05  Marine  
  117  12:08  Marine  
  117  12:09  Marauder  
  120  12:22  Marine x5  
  125  12:32  Marine x2  
  125  12:35  Marauder  
  125  12:36  Supply Depot  
  121  12:37  Supply Depot x3  
  121  12:39  Supply Depot x2  
  121  12:40  Marine x4  
Tags
 
Matchup
TvZ
Replay Pack
r1
Spawn Locations
Cross Positions
Add a new tag
Caveats
  • Supply blocks, unpowered buildings, or Contaminate may cause inaccurate times.
  • Supply counts are checked every 10 seconds.